 Dungeon Crawl Stone Soup version 0.31-a0-18-gea43df2a32 (webtiles) character file.

Game seed: 10992645599598197333

68 IdlyInterested the Charlatan (level 4, -7/33 HPs)
             Began as a Demonspawn Wanderer on May 10, 2023.
             Mangled by an iguana (11 damage)
             ... on level 3 of the Dungeon.
             The game lasted 00:09:18 (2568 turns).

IdlyInterested the Charlatan (Demonspawn Wanderer)  Turns: 2568, Time: 00:09:18

Health: -7/33      AC:  9    Str:  9    XL:     4   Next: 1%
Magic:  6/6        EV: 10    Int: 17    God:
Gold:   140        SH:  4    Dex: 14    Spells: 4/6 levels left

rFire   . . .        p - +0 short sword
rCold   + . .        c - +0 buckler
rNeg    . . .        f - +2 leather armour {rC+}
rPois   .            (no helmet)
rElec   .            (no cloak)
rCorr   .            o - +1 pair of gloves
SInv    .            (no boots)
Will    .....        (no amulet)
Stlth   +            (no ring)
HPRegen 0.25/turn    (no ring)
MPRegen 0.20/turn

%: no passive effects
@: no status effects
A: thin metallic scales 1, magic regeneration
a: no special abilities


You were on level 3 of the Dungeon.
You visited 1 branch of the dungeon, and saw 3 of its levels.

You collected 140 gold pieces.

Inventory:

Hand Weapons
 a - a +0 dagger
 h - a +0 whip
 j - a +0 flail
 p - a +0 short sword (weapon)
 q - a +0 mace
Missiles
 m - 15 stones (quivered)
Armour
 c - a +0 buckler (worn)
 e - a +0 robe
 f - a +2 leather armour of cold resistance (worn)
 o - a +1 pair of gloves (worn)
Scrolls
 b - 3 scrolls of blinking
 d - 2 scrolls of fog
 g - a scroll of silence
 l - a scroll of enchant armour {unknown}
Potions
 i - a potion of cancellation
 k - a potion of curing {unknown}
 n - a potion of brilliance


   Skills:
 - Level 2.0 Fighting
 - Level 1.0 Armour
 - Level 1.0 Dodging
 + Level 0.0 Stealth
 - Level 1.7 Shields
 - Level 2.6 Unarmed Combat
 * Level 1.5 Spellcasting
 + Level 1.8 Air Magic
 - Level 3.0 Evocations


You had 4 spell levels left.
You knew the following spells:

 Your Spells              Type           Power      Damage    Failure   Level
a - Static Discharge      Conj/Air       8%         2-3/arc   41%         2

Your spell library contained the following spells:

 Spells                   Type           Power      Damage    Failure   Level
 Cigotuvi's Dreadful Rot  Necr/Pois/Air  6%         N/A       45%         2


Dungeon Overview and Level Annotations

Branches:
Dungeon (3/15)

Altars:
Xom

Shops:
D:2 :

Annotations:
D:3 2 transporters, BlasphemerAmon's ghost, amateur HOFi


Innate Abilities, Weirdness & Mutations

You are partially covered in thin metallic scales. (AC +2)
You regenerate magic rapidly.


Message History

The iguana is moderately wounded.
The iguana closely misses you.
Casting: Static Discharge (quite dangerous; 41% risk of failure)
Confirm with . or Enter, or press ? or * to list all spells.
Okay, then.
You closely miss the iguana.
The iguana is moderately wounded.
The iguana barely misses you.
You hit the iguana but do no damage.
The iguana is moderately wounded.
The iguana bites you!
You hit the iguana.
The iguana is moderately wounded.
The iguana bites you!
* * * LOW HITPOINT WARNING * * *
You hit the iguana.
The iguana is moderately wounded.
The iguana bites you.
* * * LOW HITPOINT WARNING * * *
Okay, then.
You barely miss the iguana.
The iguana is moderately wounded.
The iguana bites you.
* * * LOW HITPOINT WARNING * * *
You barely miss the iguana.
The iguana is moderately wounded.
The iguana closely misses you.
You hit the iguana.
The iguana is heavily wounded.
You block the iguana's attack.
You hit the iguana but do no damage.
The iguana is heavily wounded.
The iguana bites you but does no damage.
You closely miss the iguana.
The iguana is heavily wounded.
The iguana closely misses you.
You hit the iguana.
The iguana is heavily wounded.
The iguana bites you!
You die...

#.## #.. #.. #..
..# #.# # #l# .#
#@####.#
....#..#......#
....#..#.##.### #
#..#..#.##.#
#8#..#..#+##'####
.....#..........#
.....#©.........#
....Z#..........#
#..#..........#


You could see an iguana.

Vanquished Creatures
  3 adders (D:2)
  A worm (D:2)
  5 bats
  5 endoplasms
  2 giant cockroaches
  3 goblins
  2 hobgoblins
  3 quokkas
  6 ball pythons
  2 frilled lizards
  A kobold (D:2)
  4 rats
37 creatures vanquished.

Notes
Turn   | Place    | Note
-------+----------+-------------------------------------------
     0 | D:1      | IdlyInterested the Demonspawn Wanderer began the quest for
                  | the Orb.
     0 | D:1      | IdlyInterested set off with the following items: a +0
                  | dagger, a scroll of blinking, a +0 buckler, a scroll of
                  | fog, a +0 robe, a potion of heal wounds; and the following
                  | spells available to memorise: Static Discharge, Cigotuvi's
                  | Dreadful Rot.
     0 | D:1      | Reached XP level 1. HP: 13/13 MP: 2/2
    44 | D:1      | Found a faded altar of an unknown god.
   328 | D:1      | Reached skill level 1 in Fighting
   329 | D:1      | Gained mutation: You regenerate magic rapidly. [demonic
                  | ancestry]
   329 | D:1      | Reached XP level 2. HP: 21/21 MP: 3/3
   527 | D:1      | Learned a level 2 spell: Static Discharge
  1092 | D:2      | HP: 1/21 [worm (5)]
  1394 | D:2      | Reached skill level 1 in Armour
  1598 | D:2      | Reached XP level 3. HP: 27/27 MP: 4/4
  1702 | D:2      | Found a shimmering altar of Xom.
  1966 | D:2      | Found Emogg's Book Shoppe.
  2130 | D:2      | Reached skill level 1 in Dodging
  2185 | D:2      | Gained mutation: You are partially covered in thin metallic
                  | scales. (AC +2) [demonic ancestry]
  2185 | D:2      | Reached XP level 4. HP: 32/33 MP: 6/6
  2509 | D:3      | Found a transporter.
  2511 | D:3      | Noticed BlasphemerAmon's ghost (amateur HOFi)
  2512 | D:3      | Found a transporter.
  2513 | D:3      | Noticed a phantom
  2568 | D:3      | Mangled by an iguana

Illustrated notes

Levels and vault maps discovered:
D:1:      dpeg_arrival_pits, layout_loops_ring, ebering_ecumenical_altar_box
D:2:      layout_basic, serial_bayou, serial_bayou_pond_c, serial_bayou_ford_a,
          serial_bayou_pond_d, serial_bayou_lake_a, basic_altar, serial_shops,
          nicolae_book_shop_shelving, hangedman_decor_push, roderic_lattice_a,
          chequers_serial_rivers_micro_b, kennysheep_potato
D:3:      layout_basic, gammafunk_ghost_mausoleum, uniq_crazy_yiuf_cottage

Skill      XL: |  1  2  3 |
---------------+----------+-----
Fighting       | 1 2 |  2.0
Armour         | 1 |  1.0
Dodging        | 1 |  1.0
Shields        | |  1.7
Unarmed Combat | |  2.6
Spellcasting   | |  1.5
Air Magic      | |  1.8
Evocations     | |  3.0

Action                     |  1- 3 |  4- 6 || total
---------------------------+-------+-------++-------
  Melee: Dagger            |    83 |       ||    83
         Short sword       |   171 |    32 ||   203
  Throw: Stone             |     3 |       ||     3
    Use: Scroll            |     3 |     1 ||     4
         Potion            |     1 |       ||     1
 Armour: Leather armour    |    86 |     5 ||    91
         Robe              |     6 |       ||     6
         Ring mail         |     9 |       ||     9
  Dodge: Dodged            |   131 |    12 ||   143
  Block: Buckler           |    46 |     4 ||    50

Table legend: (Time is in decaauts)
 A = Elapsed time spent in this place.
 B = Non-inter-level travel time spent in this place.
 C = Inter-level travel time spent in this place.
 D = Time resting spent in this place.
 E = Time spent auto-exploring this place.
 F = Levels seen in this place.
 G = Mean time per level.
                   A        B        C        D        E       F      G
               +--------+--------+--------+--------+--------+-----+--------+
         Total |   2612 |   2334 |    278 |    353 |   1261 |   3 |  870.7 |
       Dungeon |   2612 |   2334 |    278 |    353 |   1261 |   3 |  870.7 |
               +--------+--------+--------+--------+--------+-----+--------+

Top non-repeatable levels by time:
     D:2: 1352 daAuts
     D:1: 1179 daAuts
     D:3: 80 daAuts
